[Event "ICC tourney 1904 (10 3)"]
[Site "Internet Chess Club"]
[Date "2020.07.05"]
[Round "9"]
[White "NSXchessplayer"]
[Black "StevChess01"]
[Result "1/2-1/2"]
[ICCResult "Game drawn by mutual agreement"]
[WhiteElo "1422"]
[BlackElo "1366"]
[Opening "Sicilian defense"]
[ECO "B20"]
[NIC "SI.48"]
[Time "16:49:18"]
[TimeControl "600+3"]

1. e4 c5 2. d3 Nc6 3. g3 e6 4. Bg2 d6 5. Ne2 Nf6 6. f4 h5 7. h3 Be7 8. Be3
e5 9. Nd2 Be6 10. c3 Qc7 11. Qc2 b6 12. a3 d5 13. d4 exd4 14. cxd4 Nxe4 15.
Nxe4 dxe4 16. Bxe4 Rd8 17. dxc5 bxc5 18. Bxc5 Qa5+ 19. Kf1 Qxc5 20. Qxc5
Bxc5 21. Bxc6+ Ke7 22. Nc3 Bd4 23. Rc1 Bc4+ 24. Kg2 Be3 25. Rce1 Rd3 26. Re2
Kf6 27. Rhe1 Bb6 28. Bb5 Bxb5 29. Nxb5 Rhd8 30. Nc3 Ba5 31. Ne4+ Kg6 32. b4
Bb6 33. Ra2 Rb3 34. Nc5 Bxc5 35. bxc5 Rc3 36. Re5 Rc8 37. g4 hxg4 38. hxg4
R8xc5 39. Rxc5 Rxc5 40. Kf3 Rc4 41. a4 a5 42. Ra3 Rb4 43. Ra2
{Game drawn by mutual agreement}
1/2-1/2

[Event "ICC tourney 1904 (10 3)"]
[Site "Internet Chess Club"]
[Date "2020.07.05"]
[Round "9"]
[White "ullchen"]
[Black "DEEEFENDER"]
[Result "1-0"]
[ICCResult "Black resigns"]
[WhiteElo "1424"]
[BlackElo "1144"]
[Opening "Sicilian"]
[ECO "B50"]
[NIC "SI.01"]
[Time "16:49:16"]
[TimeControl "600+3"]

1. e4 c5 2. Nf3 d6 3. c3 Nc6 4. Be2 a6 5. O-O Nf6 6. d4 cxd4 7. cxd4 Bd7 8.
Nc3 e6 9. a4 Be7 10. Be3 Ng4 11. Bf4 e5 12. dxe5 Ngxe5 13. Nd5 O-O 14. Rc1
Re8 15. Nxe5 Nxe5 16. Nc7 Ng6 17. Bxd6 Bxd6 18. Qxd6 Rxe4 19. Nxa8 Rxe2 20.
Rfd1 Qe8 21. Kf1 Nf8 22. Nc7 Qe5 23. Qxe5 Rxe5 24. b3 h6 25. f4 Re4 26. g3
Kh7 27. Nd5 Be6 28. Rc7 Bxd5 29. Rxd5 Kg6 30. Rxb7 Nh7 31. Rb6+ Re6 32.
Rxe6+ fxe6 33. Rd6 Kf5 34. Rxa6 Nf6 35. Ra8 Nd5 36. Ra5 Kf6 37. Rxd5 exd5
38. a5 Ke6 39. a6 Kd6 40. a7 Kc6 41. a8=Q+ {Black resigns} 1-0

[Event "ICC tourney 1904 (10 3)"]
[Site "Internet Chess Club"]
[Date "2020.07.05"]
[Round "9"]
[White "mrneale"]
[Black "hanslaw"]
[Result "1/2-1/2"]
[ICCResult "Black stalemated"]
[WhiteElo "1306"]
[BlackElo "1230"]
[Opening "King's Indian: London system"]
[ECO "A48"]
[NIC "QP.03"]
[Time "16:49:37"]
[TimeControl "600+3"]

1. d4 Nf6 2. Nf3 g6 3. Bf4 Bg7 4. e3 d6 5. Bd3 Nc6 6. c3 Nh5 7. Bg3 Bg4 8.
O-O O-O 9. Nbd2 e5 10. h3 Be6 11. Bh2 exd4 12. exd4 f5 13. Bc2 Ne7 14. Bb3
Bf7 15. Ng5 Bxb3 16. Qxb3+ d5 17. Ne6 Qc8 18. Nxf8 Bxf8 19. Nf3 Bg7 20. Ne5
Bxe5 21. Bxe5 Ng7 22. Bf6 Nc6 23. Qxd5+ Ne6 24. Rfe1 Kf7 25. Be5 Nxe5 26.
Rxe5 c6 27. Qb3 Qd7 28. Rxe6 Qxe6 29. Qxb7+ Kf6 30. Qxa8 Qe2 31. Qxc6+ Kg5
32. Qb7 Qd2 33. Qe7+ Kh6 34. Qe3+ Qxe3 35. fxe3 Kg5 36. Kf2 Kf6 37. Kf3 Ke6
38. g4 fxg4+ 39. hxg4 Kf6 40. e4 g5 41. e5+ Ke6 42. Rh1 a5 43. Rxh7 a4 44.
a3 Kd5 45. Ke3 Ke6 46. Ke4 {Black stalemated} 1/2-1/2

[Event "ICC tourney 1904 (10 3)"]
[Site "Internet Chess Club"]
[Date "2020.07.05"]
[Round "9"]
[White "PearsonH"]
[Black "JensenUVA"]
[Result "0-1"]
[ICCResult "White resigns"]
[WhiteElo "1360"]
[BlackElo "1476"]
[Opening "Queen's pawn: London system"]
[ECO "A45"]
[NIC "QP.07"]
[Time "16:49:55"]
[TimeControl "600+3"]

1. d4 Nf6 2. Bf4 d5 3. e3 c5 4. c3 Qb6 5. b3 Bf5 6. Bd3 Bxd3 7. Qxd3 e6 8.
Nd2 Nc6 9. Ngf3 Nh5 10. Bg3 Nxg3 11. hxg3 h6 12. Ne5 Nxe5 13. dxe5 Be7 14.
Nf3 O-O 15. g4 Qd8 16. Nd2 f6 17. Qg6 Qe8 18. Rxh6 Qxg6 19. Rxg6 Kh7 20.
exf6 Kxg6 21. fxe7 Rfe8 22. O-O-O Kf7 23. Nf3 Kxe7 24. Ne5 Kf6 25. Nd7+ Ke7
26. Nxc5 b6 27. Nd3 Rh8 28. Ne5 Rh2 29. Rg1 Kf6 30. Nf3 Rh7 31. g5+ Kg6 32.
Kd2 Rah8 33. Ne5+ Kf5 34. Nf3 Rh1 35. Rxh1 Rxh1 36. Nd4+ Ke5 37. Nc6+ Kd6
38. Nxa7 Ra1 39. Nb5+ Kd7 40. a4 Rb1 41. Nd4 Rf1 42. Ke2 Rc1 43. Kd2 Rb1 44.
g3 g6 45. Nf3 Kd6 46. Ne5 Kxe5 {White resigns} 0-1

[Event "ICC tourney 1904 (10 3)"]
[Site "Internet Chess Club"]
[Date "2020.07.05"]
[Round "9"]
[White "poohfur"]
[Black "MagnumPI"]
[Result "1-0"]
[ICCResult "Black resigns"]
[WhiteElo "1280"]
[BlackElo "1243"]
[Opening "King's pawn game"]
[ECO "C50"]
[NIC "IG.03"]
[Time "16:49:38"]
[TimeControl "600+3"]

1. e4 e5 2. Nf3 Nc6 3. Bc4 h6 4. d3 Nf6 5. c3 d5 6. exd5 Nxd5 7. O-O Be6 8.
Nbd2 Bd6 9. Ne4 Be7 10. Bb3 Na5 11. Ba4+ Bd7 12. Nxe5 Nc6 13. Bxc6 Bxc6 14.
Qh5 Rf8 15. Nxc6 bxc6 16. Re1 Qd7 17. c4 Nf6 18. Nxf6+ gxf6 19. Qxh6 Kd8 20.
Qe3 Re8 21. Bd2 Rb8 22. Bc3 Rb6 23. Qf3 c5 24. Qa8+ Qc8 25. Qd5+ Qd7 26.
Qxf7 Rd6 27. Re3 a6 28. Rd1 Kc8 29. Rde1 Kb7 30. Rxe7 Rxe7 31. Qxe7 Qxe7 32.
Rxe7 Kb6 33. h4 Rd5 34. cxd5 {Black resigns} 1-0

[Event "ICC tourney 1904 (10 3)"]
[Site "Internet Chess Club"]
[Date "2020.07.05"]
[Round "9"]
[White "kaleblancman"]
[Black "NonnaThat"]
[Result "0-1"]
[ICCResult "White resigns"]
[WhiteElo "1705"]
[BlackElo "1825"]
[Opening "Sicilian: Canal-Sokolsky (Nimzovich-Rossolimo, Moscow) attack"]
[ECO "B51"]
[NIC "SI.01"]
[Time "16:49:53"]
[TimeControl "600+3"]

1. e4 c5 2. Nf3 d6 3. Bb5+ Nd7 4. c3 Nf6 5. Qe2 a6 6. Ba4 b5 7. Bc2 Bb7 8.
d4 cxd4 9. cxd4 g6 10. O-O Bg7 11. a4 b4 12. a5 Rc8 13. Bd3 O-O 14. Bd2 e5
15. dxe5 Nxe5 16. Nxe5 dxe5 17. Bxb4 Re8 18. Bxa6 Bxa6 19. Qxa6 Nxe4 20. Nc3
Qd4 21. Nxe4 Qxb4 22. Nd6 Ra8 23. Qc6 Red8 24. Rfd1 Qxb2 25. Nxf7 Rxd1+ 26.
Rxd1 Rf8 27. Qe6 Rxf7 28. Rd8+ Bf8 29. h3 Qc1+ 30. Kh2 Qf4+ 31. Kh1 Qxf2 32.
Qxe5 Qf1+ 33. Kh2 Qa6 34. h4 Qc4 35. Rd4 Qc1 36. h5 Qh6 37. Rg4 Bg7 38. Qe8+
Rf8 39. Qe6+ Kh8 40. a6 Qxh5+ 41. Kg3 Be5+ {White resigns} 0-1

[Event "ICC tourney 1904 (10 3)"]
[Site "Internet Chess Club"]
[Date "2020.07.05"]
[Round "9"]
[White "mdbgaccp"]
[Black "Lock5"]
[Result "0-1"]
[ICCResult "White checkmated"]
[WhiteElo "1558"]
[BlackElo "1479"]
[Opening "QGD semi-Slav: Meran, Wade variation"]
[ECO "D47"]
[NIC "SL.09"]
[Time "16:49:08"]
[TimeControl "600+3"]

1. d4 Nf6 2. c4 e6 3. Nf3 d5 4. Nc3 c6 5. e3 Nbd7 6. Bd3 dxc4 7. Bxc4 b5 8.
Bd3 Bb7 9. O-O a6 10. Re1 c5 11. dxc5 Nxc5 12. Be2 Qc7 13. Bd2 Bd6 14. h3
O-O 15. Rc1 Qd7 16. Nd4 b4 17. Nb1 a5 18. Nb3 Nce4 19. Bf3 Qb5 20. Nd4 Qe5
21. g3 Nxf2 22. Kxf2 Qxg3+ 23. Kf1 Qxh3+ 24. Kg1 Ng4 25. Qe2 Bh2+ 26. Kh1
Bg3+ 27. Kg1 Bf2+ 28. Qxf2 Nxf2 29. Kxf2 Bxf3 30. Nxf3 Rac8 31. Rh1 Qf5 32.
Ke2 Rfd8 33. Nd4 Qg4+ 34. Kf2 e5 35. Nf3 e4 36. Nd4 Rxc1 37. Rxc1 h6 38. a3
Qh4+ 39. Ke2 Qh2+ 40. Ke1 Qg1+ 41. Ke2 Qg2+ 42. Ke1 h5 43. axb4 axb4 44. Ne2
b3 45. Nbc3 h4 46. Rd1 h3 47. Nf4 Qg3+ 48. Ke2 Qf3+ 49. Ke1 h2 50. Bc1 h1=Q#
{White checkmated}
0-1

[Event "ICC tourney 1904 (10 3)"]
[Site "Internet Chess Club"]
[Date "2020.07.05"]
[Round "9"]
[White "kralj8"]
[Black "gardemarin13"]
[Result "1-0"]
[ICCResult "Black checkmated"]
[WhiteElo "1625"]
[BlackElo "1722"]
[Opening "Sicilian: closed"]
[ECO "B23"]
[NIC "SI.44"]
[Time "16:49:11"]
[TimeControl "600+3"]

1. e4 c5 2. Nc3 g6 3. f4 Nc6 4. Bb5 Nd4 5. Bc4 Bg7 6. d3 e6 7. Nge2 Nxe2 8.
Qxe2 Ne7 9. O-O O-O 10. Bd2 d5 11. Bb3 b6 12. Rae1 d4 13. Nd1 Bb7 14. Nf2
Qd7 15. Ng4 h5 16. Ne5 Bxe5 17. fxe5 Kg7 18. Qf3 Ng8 19. Bg5 Rae8 20. g4
hxg4 21. Bf6+ Nxf6 22. exf6+ Kh7 23. Qxg4 Rh8 24. Rf3 Kg8 25. Rh3 Rxh3 26.
Qxh3 Qd6 27. e5 Qc6 28. Re4 c4 29. Qh6 Qc5 30. Qg7# {Black checkmated} 1-0

[Event "ICC tourney 1904 (10 3)"]
[Site "Internet Chess Club"]
[Date "2020.07.05"]
[Round "9"]
[White "Aidenrchess"]
[Black "steinutz"]
[Result "1/2-1/2"]
[ICCResult "Game drawn by repetition"]
[WhiteElo "1430"]
[BlackElo "1556"]
[Opening "Giuoco Piano"]
[ECO "C50"]
[NIC "IG.02"]
[Time "16:49:16"]
[TimeControl "600+3"]

1. e4 e5 2. Nf3 Nc6 3. Bc4 Bc5 4. O-O Nf6 5. d3 h6 6. c3 O-O 7. d4 exd4 8.
cxd4 Bb6 9. e5 Ne4 10. Nc3 Nxc3 11. bxc3 d5 12. Bd3 f6 13. Bf4 fxe5 14. Bxe5
Bg4 15. Be2 Bxf3 16. Bxf3 Nxe5 17. dxe5 c6 18. Qd3 Qg5 19. Rfe1 Rae8 20. e6
Rf6 21. c4 dxc4 22. Qc3 Qc5 23. Rad1 Qxf2+ 24. Kh1 Qc5 25. Bg4 Ba5 26. Re5
Bxc3 27. Rxc5 Rf4 28. Bh3 g5 29. g3 Re4 30. Bf5 Re2 31. Rd7 h5 32. Bg6 Rf8
33. Bf7+ Kh8 34. Rxg5 Bf6 35. Rxh5+ Kg7 36. Rc5 Re1+ 37. Kg2 c3 38. Rd3 Re2+
39. Kf1 Rxh2 40. Rdxc3 Bxc3 41. Rxc3 Rxa2 42. Rf3 Rh8 43. Kg1 Rd8 44. Rf1
Rdd2 45. Re1 Rg2+ 46. Kh1 Rh2+ 47. Kg1 Rhg2+ 48. Kh1 Rh2+ 49. Kg1 Rhg2+
{Game drawn by repetition}
1/2-1/2

[Event "ICC tourney 1904 (10 3)"]
[Site "Internet Chess Club"]
[Date "2020.07.05"]
[Round "9"]
[White "PawnPower17"]
[Black "xiaow"]
[Result "0-1"]
[ICCResult "White resigns"]
[WhiteElo "1360"]
[BlackElo "1400"]
[Opening "Nimzovich-Larsen attack: modern variation"]
[ECO "A01"]
[NIC "VO.08"]
[Time "16:49:36"]
[TimeControl "600+3"]

1. b3 e5 2. Bb2 d6 3. e3 Nf6 4. d4 Nc6 5. dxe5 Nxe5 6. Bxe5 dxe5 7. Qxd8+
Kxd8 8. Nf3 Bd6 9. Ng5 Ke7 10. Bc4 Rf8 11. O-O h6 12. Nf3 Be6 13. Bxe6 Kxe6
14. Nbd2 Rad8 15. a3 Rfe8 16. Nc4 b6 17. Rad1 Nd7 18. Nxd6 cxd6 19. Rd2 Nc5
20. Rfd1 Ne4 21. Rd3 Rc8 22. Ne1 Red8 23. f3 Nc3 24. Ra1 Rc6 25. Kf2 Rdc8
26. e4 Rd8 27. b4 d5 28. exd5+ Rxd5 29. Ke3 f5 30. Rxd5 Kxd5 31. Nd3 f4+ 32.
Kd2 e4 33. Nxf4+ Kc4 34. fxe4 Nxe4+ 35. Ke3 Nf6 36. h3 Kc3 37. Ne2+ Kb2 38.
Rd1 Kxa3 39. Rd3+ Kxb4 40. Rb3+ Ka4 41. Nc3+ Rxc3+ 42. Rxc3 Nd5+ 43. Kd4
Nxc3 44. Kxc3 Kb5 45. Kb3 a5 46. c3 g5 47. g4 Kc5 48. Ka4 Kc4 {White
resigns} 0-1

[Event "ICC tourney 1904 (10 3)"]
[Site "Internet Chess Club"]
[Date "2020.07.05"]
[Round "9"]
[White "atippa"]
[Black "jojoraman"]
[Result "1-0"]
[ICCResult "Black checkmated"]
[WhiteElo "1386"]
[BlackElo "1214"]
[Opening "QGD Slav: 3.Nf3"]
[ECO "D11"]
[NIC "QP.09"]
[Time "16:49:19"]
[TimeControl "600+3"]

1. Nf3 d5 2. c4 c6 3. d4 e6 4. cxd5 cxd5 5. e3 Nc6 6. Nc3 Bb4 7. a3 Bxc3+ 8.
bxc3 Nf6 9. Bd3 Qa5 10. Qc2 Bd7 11. O-O O-O 12. Bb2 Rac8 13. e4 dxe4 14.
Bxe4 Nxe4 15. Qxe4 Qb6 16. Rab1 Qa5 17. Ne5 Nxe5 18. Qxe5 Qxe5 19. dxe5 Rc5
20. Rfd1 Bc6 21. f4 Rc4 22. Rd4 Rxd4 23. cxd4 Rd8 24. Rd1 Bd5 25. Kf2 Kf8
26. Rc1 Bc6 27. Ke3 Ke7 28. g4 f6 29. f5 fxe5 30. dxe5 exf5 31. gxf5 Rf8 32.
f6+ gxf6 33. exf6+ Kf7 34. Rg1 Rg8 35. Rg7+ Rxg7 36. fxg7 Bd5 37. Kd4 Be6
38. Kc5 Ke7 39. Bd4 b6+ 40. Kc6 Kf7 41. Kb7 b5 42. Kxa7 Bc4 43. Kb6 h6 44.
Kc5 Bd3 45. Be5 Be2 46. Kd4 Bf1 47. Ke4 Bc4 48. Kf4 Kg6 49. Kg4 Be6+ 50. Kh4
Bc4 51. Kg4 Be6+ 52. Kf4 Bc4 53. Ke4 Kh7 54. Kf5 Bg8 55. Kf6 Bc4 56. Bf4 Bg8
57. Bd2 Bc4 58. Bc3 Bg8 59. Ke7 Bc4 60. Kf8 Bg8 61. h4 Bc4 62. h5 Bg8 63.
Bd2 Bc4 64. Bxh6 Bg8 65. Bf4 Bc4 66. h6 Bg8 67. Ke7 Bc4 68. Kf6 Bg8 69. Bd2
Bc4 70. Ke5 Bg8 71. Kd4 Bc4 72. a4 Kg8 73. a5 Bf1 74. a6 Bg2 75. a7 Bb7 76.
Kc5 Be4 77. Kb6 Ba8 78. Kc7 Be4 79. Kb8 Bd5 80. a8=Q Bxa8 81. Kxa8 Kh7 82.
Kb8 Kg8 83. Kc7 Kh7 84. Kd8 Kg8 85. Ke8 Kh7 86. Kf8 Kg6 87. g8=Q+ Kf5 88.
Qd5+ Kg6 89. Qxb5 Kf6 90. Qb6+ Kf5 91. Qc5+ Ke4 92. Qe3+ Kf5 93. h7 Kg6 94.
h8=Q Kf5 95. Qh5+ Kf6 96. Qee5# {Black checkmated} 1-0

[Event "ICC tourney 1904 (10 3)"]
[Site "Internet Chess Club"]
[Date "2020.07.05"]
[Round "9"]
[White "hursha6b5"]
[Black "capetarget"]
[Result "0-1"]
[ICCResult "White resigns"]
[WhiteElo "1647"]
[BlackElo "1549"]
[Opening "Ruy Lopez: Marshall counter-attack"]
[ECO "C89"]
[NIC "RL.17"]
[Time "16:49:41"]
[TimeControl "600+3"]

1. e4 e5 2. Nf3 Nc6 3. Bb5 a6 4. Ba4 Nf6 5. O-O Be7 6. Re1 b5 7. Bb3 O-O 8.
c3 d5 9. exd5 Nxd5 10. d4 exd4 11. Nxd4 Nxd4 12. Qxd4 Bb7 13. Nd2 Bf6 14.
Qg4 Re8 15. Rxe8+ Qxe8 16. Nf3 Nxc3 17. bxc3 Bxc3 18. Rb1 Be4 19. Bb2 Bxb1
20. Bxc3 Bg6 21. Qd4 Qf8 22. Bb4 Qd8 23. Qc5 Qf6 24. h3 Be4 25. Ng5 Bg6 26.
Bc3 Qf4 27. Nf3 Qc1+ 28. Kh2 Qf4+ 29. Kh1 Qc1+ 30. Ng1 Qf4 31. Be5 Qf5 32.
Nf3 Bh5 33. Bd5 Bxf3 34. Bxf3 Re8 35. Bd4 Qxc5 36. Bxc5 Re1+ 37. Kh2 Ra1 38.
Bd5 Rc1 39. Be3 Rc2 40. Kg3 c5 41. Kf4 c4 42. Ke4 Rxa2 43. Kd4 h6 44. Kc3
Ra1 45. Bb7 a5 46. Ba6 Rb1 47. Kc2 Rb4 48. Bd2 c3 49. Bxc3 Rf4 50. f3 b4 51.
Bd2 Rf6 52. Bb5 Rg6 53. g4 Rf6 54. Be2 Re6 55. Bd3 Rc6+ 56. Kb3 Rd6 57. Kc2
b3+ 58. Kc3 b2 59. Bb1 Rb6 60. Be3 Rb8 61. Bc5 a4 62. Ba3 Rb3+ 63. Kc2 Rxa3
64. Kxb2 Rxf3 65. Kc2 Rxh3 {White resigns} 0-1

[Event "ICC tourney 1904 (10 3)"]
[Site "Internet Chess Club"]
[Date "2020.07.05"]
[Round "9"]
[White "harrislencz"]
[Black "pipandchuk"]
[Result "0-1"]
[ICCResult "White checkmated"]
[WhiteElo "1393"]
[BlackElo "1375"]
[Opening "Ruy Lopez: Berlin defense"]
[ECO "C65"]
[NIC "RL.07"]
[Time "16:49:41"]
[TimeControl "600+3"]

1. e4 e5 2. Nf3 Nc6 3. Bb5 Nf6 4. d3 d6 5. c3 Be7 6. O-O O-O 7. Re1 Bd7 8.
Ba4 Re8 9. Nbd2 a6 10. Nf1 Bf8 11. Ng3 b5 12. Bb3 Na5 13. Bc2 c5 14. h3 Qc7
15. Nh4 d5 16. Qf3 dxe4 17. dxe4 Nc4 18. Ngf5 Nd6 19. g4 Nxf5 20. Nxf5 Bc6
21. g5 Nd7 22. h4 c4 23. h5 Re6 24. Kh2 Nc5 25. Ng3 Rd8 26. Be3 Nd3 27. Rg1
Qb7 28. Rab1 f5 29. Qxf5 Re7 30. Qg4 g6 31. Rh1 Rf7 32. Kg1 Nf4 33. hxg6
hxg6 34. Re1 Rdd7 35. Ne2 Nd3 36. Rb1 Rh7 37. Rxh7 Rxh7 38. f3 Bd7 39. Qg3
Rh3 40. Qg2 Qc7 41. Kf1 Nf4 42. Nxf4 exf4 43. Bd4 Be6 44. Ke2 Qh7 45. Bg1
Bc5 46. Rd1 Bxg1 47. Qxg1 Rh2+ 48. Kf1 Rh1 49. Rd8+ Kf7 50. Rb8 Qh2 51. Rb7+
Ke8 52. Qxh1 Qxh1+ 53. Kf2 Bh3 54. Rh7 Qf1# {White checkmated} 0-1

[Event "ICC tourney 1904 (10 3)"]
[Site "Internet Chess Club"]
[Date "2020.07.05"]
[Round "9"]
[White "BobbyFissure"]
[Black "oxdidi"]
[Result "0-1"]
[ICCResult "White forfeits on time"]
[WhiteElo "1366"]
[BlackElo "1134"]
[Opening "King's Indian: 4.e4"]
[ECO "E70"]
[NIC "KI.80"]
[Time "16:50:03"]
[TimeControl "600+3"]

1. d4 Nf6 2. c4 g6 3. Nc3 Bg7 4. e4 d5 5. cxd5 O-O 6. Bc4 Nbd7 7. e5 Ne8 8.
e6 fxe6 9. dxe6 Ndf6 10. Nf3 Nd6 11. Bb3 b6 12. O-O Bb7 13. d5 c6 14. Bg5 h6
15. dxc6 Bxc6 16. Bh4 Nf5 17. Bg3 Nxg3 18. fxg3 Qc7 19. Rc1 h5 20. Nd5 Qb7
21. Rxc6 Nxd5 22. Bxd5 Rad8 23. Qb3 Rf5 24. Be4 Rf6 25. Rc4 Qa6 26. Rc7 Rd4
27. Re1 Rd6 28. Bb7 Qa5 29. Rc3 Rf5 30. Nh4 Bxc3 31. bxc3 Qc5+ 32. Kh1 Qf2
33. Rg1 Rf8 34. Nxg6 Rf6 35. Nxe7+ Kh8 36. Nd5 Rfxe6 37. Nf4 Re1 38. Nh3
Rxg1+ 39. Nxg1 Qf1 40. Qb4 Rd1 {White forfeits on time} 0-1

[Event "ICC tourney 1904 (10 3)"]
[Site "Internet Chess Club"]
[Date "2020.07.05"]
[Round "9"]
[White "knighthawkmill"]
[Black "Viking21"]
[Result "0-1"]
[ICCResult "White checkmated"]
[WhiteElo "1466"]
[BlackElo "1508"]
[Opening "Blackmar-Diemer gambit"]
[ECO "D00"]
[NIC "QP.08"]
[Time "16:49:37"]
[TimeControl "600+3"]

1. d4 d5 2. Nc3 Nf6 3. e4 dxe4 4. f3 exf3 5. Qxf3 Qxd4 6. Be3 Qg4 7. O-O-O
Qxf3 8. Nxf3 c6 9. Bc4 e6 10. Bg5 Be7 11. h4 Nd5 12. Rde1 Nxc3 13. bxc3
Bxg5+ 14. hxg5 Bd7 15. Ne5 c5 16. g6 O-O 17. gxh7+ Kh8 18. g4 Bc6 19. Rh2
Nd7 20. Nxc6 bxc6 21. g5 e5 22. Bd3 f5 23. gxf6 Rxf6 24. Be4 Nb6 25. Rd1
Raf8 26. Rhd2 Rf1 27. Bxc6 Kxh7 28. Be4+ g6 29. Rg2 R8f6 30. Bd3 Rxd1+ 31.
Kxd1 Nd5 32. Kd2 Nf4 33. Rh2+ Kg7 34. Be4 Rd6+ 35. Ke3 Rd1 36. Rd2 Rxd2 37.
Kxd2 g5 38. Ke3 Kf6 39. Kf3 Ne6 40. Bd5 Kf5 41. Bb7 Nc7 42. Be4+ Kf6 43. a4
Ne8 44. Bd5 Nd6 45. Bc6 Nc4 46. Bb5 Na3 47. Bd3 Nb1 48. c4 a5 49. Bh7 Nc3
50. Bg8 Nxa4 51. Bd5 Nc3 52. Bc6 a4 53. Ke3 a3 54. Kd3 a2 55. Kxc3 a1=Q+ 56.
Kd3 Qd4+ 57. Ke2 Qxc4+ 58. Kd2 e4 59. Ke3 Qxc2 60. Bxe4 Qc3+ 61. Kf2 Ke5 62.
Bf3 Kf4 63. Be2 Qe3+ 64. Ke1 g4 65. Kf1 g3 66. Bb5 Qf2# {White checkmated}
0-1

[Event "ICC tourney 1904 (10 3)"]
[Site "Internet Chess Club"]
[Date "2020.07.05"]
[Round "9"]
[White "Chessplayer44"]
[Black "Zwish"]
[Result "0-1"]
[ICCResult "White checkmated"]
[WhiteElo "1513"]
[BlackElo "1177"]
[Opening "Queen's pawn game"]
[ECO "A45"]
[NIC "QP.07"]
[Time "16:49:12"]
[TimeControl "600+3"]

1. d4 Nf6 2. e3 a6 3. Bd3 e6 4. Nd2 Be7 5. f4 O-O 6. Ngf3 c5 7. c3 d5 8. O-O
Nfd7 9. e4 dxe4 10. Nxe4 b6 11. Be3 cxd4 12. Nxd4 Bb7 13. Qh5 Bxe4 14. Bxe4
Nf6 15. Qf3 Nxe4 16. Qxe4 Nd7 17. Nc6 Qe8 18. Nxe7+ Qxe7 19. Rad1 Nf6 20.
Qf3 Nd5 21. Bd4 b5 22. f5 Rac8 23. Qg4 e5 24. Rde1 f6 25. Rf3 Qf7 26. Bf2
Nf4 27. Bg3 Nd5 28. h4 h5 29. Qh3 b4 30. cxb4 Nxb4 31. a3 Nc2 32. Rd1 e4 33.
Rc3 Rxc3 34. bxc3 Qa7+ 35. Kh2 e3 36. Rc1 Nxa3 37. Bd6 Nc4 38. Bxf8 Kxf8 39.
Qf3 Qc7+ 40. Kh3 Qe7 41. Re1 a5 42. Qxh5 Qe5 43. Qh8+ Kf7 44. Qc8 Nd2 45.
Qd7+ Kf8 46. Qd8+ Kf7 47. Qd7+ Kg8 48. Qd3 Ne4 49. Qxe3 Qxf5+ 50. Kh2 Nf2
51. Qe8+ Kh7 52. Qe3 Ng4+ 53. Kg3 Nxe3 54. Rxe3 Qc5 55. h5 Qxh5 56. Re4 Qg5+
57. Rg4 Qe5+ 58. Kh3 Qxc3+ 59. Rg3 Qc8+ 60. Kh2 a4 61. Ra3 Qc7+ 62. g3 Qc4
63. Rf3 Qc2+ 64. Kh3 Qb2 65. Rf4 a3 66. Kg4 a2 67. Kh5 Qh2+ 68. Rh4 Qe2+ 69.
g4 g6# {White checkmated} 0-1